 Dungeon Crawl Stone Soup version 0.29.1-1-gd02db6906a (webtiles) character file.

Game seed: 472958316284599781

56 xian the Cudgeller (level 3, -2/35 HPs)
             Began as a Troll Gladiator on Sept 28, 2022.
             Slain by a gnoll
             ... wielding a +0 club
              (3 damage)
             ... on level 2 of the Dungeon.
             The game lasted 00:02:25 (1060 turns).

xian the Cudgeller (Troll Gladiator)                Turns: 1060, Time: 00:02:28

Health: -2/35      AC:  4    Str: 24    XL:     3   Next: 71%
Magic:  2/2        EV: 10    Int:  4    God:
Gold:   45         SH:  0    Dex: 11    Spells: 2/2 levels left

rFire   . . .      SeeInvis .   a - +0 flail
rCold   . . .      Faith    .   (no shield)
rNeg    . . .      Spirit   .   b - +0 robe
rPois   .          Reflect  .   c - +0 hat
rElec   .          Harm     .   (no cloak)
rCorr   .          Rampage  .   (gloves unavailable)
Will    .....                   (boots unavailable)
Stlth   +.........              (no amulet)
HPRegen 0.91/turn               (no ring)
MPRegen 0.08/turn               (no ring)

@: no status effects
A: large, unfitting armour, claws 3, regeneration 1, shaggy fur 1, tough skin 1
a: no special abilities


You were on level 2 of the Dungeon.
You visited 1 branch of the dungeon, and saw 2 of its levels.

You collected 45 gold pieces.

Inventory:

Hand Weapons
 a - a +0 flail (weapon)
Missiles
 d - 3 throwing nets
 e - a large rock (quivered)
 h - 6 stones
Armour
 b - a +0 robe (worn)
 c - a +0 hat (worn)
Scrolls
 f - a scroll of immolation {unknown}
 g - a scroll of summoning {unknown}
 i - a scroll of vulnerability {unknown}
 k - a scroll of identify {unknown}
 m - a scroll of blinking {unknown}
 n - a scroll of enchant weapon {unknown}
Potions
 j - 2 potions of brilliance {unknown}
 l - a potion of flight {unknown}
 o - a potion of ambrosia {unknown}


   Skills:
 + Level 1.9 Fighting
 + Level 3.5 Maces & Flails
 * Level 2.2 Throwing
 + Level 2.8 Dodging


You had 2 spell levels left.
You didn't know any spells.
Your spell library contained the following spells:

 Spells                   Type           Power      Damage    Failure   Level
 Poisonous Vapours        Pois/Air       0%         N/A       65%         2
 Corpse Rot               Necr/Pois/Air  0%         N/A       99%         4


Dungeon Overview and Level Annotations

Branches:
Dungeon (2/15)

Altars:


Innate Abilities, Weirdness & Mutations

You are too large for most types of armour.
You have claws for hands.
Your natural rate of healing is unusually fast.
You are covered in fur. (AC +1)
You have tough skin. (AC +1)


Message History

The gnoll is moderately wounded.
The gnoll closely misses you.
You sock the gnoll!
You kill the gnoll!
You barely miss the gnoll. The gnoll hits you with a +0 whip.
The gnoll barely misses you.
You hit the gnoll.
The gnoll is heavily wounded.
The gnoll barely misses you.
You closely miss the gnoll.
The gnoll is heavily wounded.
The gnoll completely misses you.
You thump the gnoll!
You kill the gnoll!
You barely miss the gnoll. The gnoll closely misses you. x2
The gnoll hits you from afar with a +0 spear.
You barely miss the gnoll.
The gnoll hits you from afar with a +0 spear.
The gnoll barely misses you.
You thump the gnoll!
The gnoll is heavily wounded.
The gnoll hits you from afar with a +0 spear.
The gnoll hits you with a +0 club.
You barely miss the gnoll.
The gnoll is heavily wounded.
The gnoll hits you from afar with a +0 spear.
The gnoll barely misses you.
You closely miss the gnoll.
The gnoll is heavily wounded.
The gnoll hits you from afar with a +0 spear.
The gnoll hits you with a +0 club.
* * * LOW HITPOINT WARNING * * *
You closely miss the gnoll.
The gnoll is heavily wounded.
The gnoll hits you from afar with a +0 spear.
* * * LOW HITPOINT WARNING * * *
The gnoll hits you with a +0 club.
* * * LOW HITPOINT WARNING * * *
The gnoll hits you with a +0 club.
You die...

#..<....# #.......#
..#.....### #.......#
###.....# . #####.###.
##### #.....
###########...###..)..
#....@gg..8..8..∩.....
###.####.#............
# #......†.......
##.g..♣..8..♣.(
##g.?.........
#............
#∩....._..♣..
#............
#............


You could see 2 gnolls.

Vanquished Creatures
  2 gnolls (D:2)
  4 dart slugs
  3 endoplasms (D:1)
  A giant cockroach (D:1)
  A goblin (D:1)
  2 hobgoblins
  4 jackals (D:1)
  2 quokkas (D:1)
  3 ball pythons (D:1)
  3 bats (D:1)
  A kobold (D:1)
  A rat (D:1)
27 creatures vanquished.

Notes
Turn   | Place    | Note
-------+----------+-------------------------------------------
     0 | D:1      | xian the Troll Gladiator began the quest for the Orb.
     0 | D:1      | Reached XP level 1. HP: 19/19 MP: 0/0
   334 | D:1      | Reached XP level 2. HP: 21/27 MP: 1/1
   400 | D:1      | Reached skill level 3 in Maces & Flails
   677 | D:1      | Reached XP level 3. HP: 35/35 MP: 2/2
  1014 | D:2      | Found a faded altar of an unknown god.
  1060 | D:2      | HP: 1/35 [gnoll/+0 club (1)]
  1060 | D:2      | Slain by a gnoll

Illustrated notes

Levels and vault maps discovered:
D:1:      mainiacjoe_arrival_reflecting_pool, layout_loops_corners,
          minmay_misc_feat_secret_circle
D:2:      layout_basic, hellmonk_ecumenical_altar_arch_garden,
          columned_hall_lemuel, minmay_misc_feat_roman, uniq_natasha

Skill      XL: |  1  2 |
---------------+-------+-----
Throwing       | 2 |  2.2
Maces & Flails | 3 |  3.5
Fighting       | |  1.9
Dodging        | |  2.8

Action                   || total
-------------------------++-------
Melee: Flail             ||    92
Throw: Stone             ||     7
       Large rock        ||     1
 Stab: Sleeping          ||     1
Armor: Robe              ||    44
Dodge: Dodged            ||    56
